Wolfpack vs Eagles (R1)

Created - February 9, 2022 at 19:20

Goals
1 2 3 T
Wolfpack 1 2 3 6
Eagles 1 5 2 8
Shots
1 2 3 T
Wolfpack 12 6 13 31
Eagles 6 14 13 33

1st period

1. Wolfpack , Maxime Sauvé 20 (David Pope 7) at 6:19
2. Eagles , Daniel Carr 16 (Jonathan Marchessault 21) at 8:07

Penalties :
Will Borgen (Har) for Roughing (Minor) at 11:07, John Ramage (Col) for Hooking (Minor) at 16:06

2nd period

3. Wolfpack , David Pope 13 (Steven Santini 17, Derrick Pouliot 13) at 0:14
4. Eagles , Nick Cousins 2 (Jonathan Marchessault 22, Dmitrij Jaskin 12) at 7:41 (PP)
5. Eagles , Nick Cousins 3 (Jonathan Marchessault 23, Mark Friedman 1) at 9:24
6. Eagles , Nick Cousins 4 (Stefan Elliott 23) at 9:47
7. Eagles , Nick Cousins 5 (Jonathan Marchessault 24) at 12:34
8. Eagles , Anthony Duclair 7 (Ryan Murphy 6, Zach Aston-Reese 7) at 18:19
9. Wolfpack , David Pope 14 (Stefan Noesen 34) at 18:29

Penalties :
Maxime Sauvé (Har) for Boarding (Minor) at 1:35, Connor Chatam (Har) for Hooking (Minor) at 6:39, Colton White (Har) for High sticking (Minor) at 14:13, Jonathan Racine (Col) for Tripping (Minor) at 19:44

3rd period

10. Eagles , Jonathan Marchessault 13 (Stefan Elliott 24) at 0:33 (SH)
11. Wolfpack , Steven Santini 4 (David Pope 8, Stefan Noesen 35) at 2:16 (PP)
12. Wolfpack , Stefan Noesen 19 (Maxime Sauvé 28) at 3:45
13. Eagles , Dmitrij Jaskin 20 (Joseph Blandisi 7, John Ramage 10) at 4:21
14. Wolfpack , Samuel Blais 11 (Henrik Samuelsson 21, Samuel Montembeault) at 7:56 (PP)

Penalties :
Ryan Murphy (Col) for Hooking (Minor) at 2:06, Jonathan Racine (Col) for Hooking (Minor) at 7:07, Jonathan Racine (Col) for Hooking (Minor) at 14:54, Ryan Murphy (Col) for Hooking (Minor) at 17:47

Goalie Stats

Mike Condon (Har), 9 saves from 13 shots - (0.692), L, 8-4-0, 14:34 minutes
Samuel Montembeault (Har), 16 saves from 20 shots - (0.800), 45:26 minutes
Marek Mazanek (Col), 25 saves from 31 shots - (0.806), W, 16-2-2, 60:00 minutes

Players Stats for Wolfpack

Player Name              G  A  P  +/- PIM S  H  SB GA TA FO     MP     PP MP  PK MP  
------------------------------------------------------------------------------------
Adam Lowry               0  0  0   0  0   0  0  0  0  0  0/0     1:40   0:11   0:57 
Alex Barre-Boulet        0  0  0   0  0   0  0  0  0  0  1/1     1:12   0:00   1:09 
Alexander Barabanov      0  0  0  -1  0   0  0  0  0  0  0/0    12:57   0:00   0:00 
Andrew Peeke             0  0  0   0  0   0  0  0  0  0  0/0     0:00   0:00   0:00 
Colton White             0  0  0  -1  2   2  0  0  0  2  0/0     7:52   0:00   0:00 
Connor Chatam            0  0  0  -1  2   0  1  1  0  1  0/1    13:14   0:05   0:00 
David Pope               2  2  4   0  0   5  2  1  0  1  1/1    22:23   5:24   2:52 
Derrick Pouliot          0  1  1  -1  0   2  2  3  0  0  0/0    28:23   5:19   3:50 
Dryden Hunt              0  0  0  -1  0   0  0  0  0  0  0/0     4:35   0:00   0:10 
Henrik Samuelsson        0  1  1  -1  0   1  2  0  1  0  6/13   19:27   3:20   3:48 
Jake Marchment           0  0  0   0  0   0  0  0  0  0  0/0     0:52   0:11   0:23 
Joel Kiviranta           0  0  0   0  0   0  0  0  0  0  0/0     0:00   0:00   0:00 
Joshua Jacobs            0  0  0   1  0   0  0  0  0  1  0/0     3:37   0:00   0:00 
Kevin Roy                0  0  0  -1  0   3  0  0  0  0  2/2     4:25   0:00   0:00 
Maxime Sauvé             1  1  2  -1  2   4  2  2  0  2  24/43  26:44   5:30   2:47 
Mikhail Sergachev        0  0  0  -2  0   0  1  2  1  0  0/0    20:08   3:36   3:09 
Ryan Culkin              0  0  0  -1  0   0  0  1  0  1  0/0     7:52   0:00   0:00 
Samuel Blais             1  0  1  -1  0   4  2  1  0  0  0/1    15:34   3:20   0:00 
Sebastian Collberg       0  0  0  -1  0   2  1  0  0  0  1/1    15:34   3:20   0:00 
Seth Griffith            0  0  0  -1  0   4  1  1  0  1  4/6    12:57   0:00   0:00 
Stefan Noesen            1  2  3   0  0   1  1  1  2  1  0/1    21:23   5:24   1:52 
Steven Santini           1  1  2  -1  0   3  2  2  1  0  0/0    28:23   5:19   3:50 
Vince Dunn               0  0  0  -2  0   0  0  3  0  1  0/0    20:08   3:36   3:09 
Will Borgen              0  0  0   1  2   0  0  0  0  0  0/0     3:37   0:00   0:00 

Players Stats for Eagles

Player Name              G  A  P  +/- PIM S  H  SB GA TA FO     MP     PP MP  PK MP  
------------------------------------------------------------------------------------
Anthony Duclair          1  0  1   0  0   1  1  0  1  0  0/0    11:15   0:00   1:12 
Chris Calhan             0  0  0  -1  0   0  0  0  0  0  0/0     7:04   0:21   0:00 
Connor Carrick           0  0  0   2  0   0  1  2  2  0  0/0    19:10   3:12   3:02 
Daniel Carr              1  0  1   3  0   6  1  0  1  1  7/14   24:11   3:33   5:52 
Dmitrij Jaskin           1  1  2   1  0   4  3  2  0  1  0/0    17:40   3:05   2:12 
Drake Caggiula           0  0  0   1  0   3  4  0  1  0  5/10   15:20   3:05   0:00 
Jared McCann             0  0  0  -1  0   5  0  0  0  1  1/3     6:22   0:00   0:00 
John Ramage              0  1  1   1  2   0  1  3  0  0  0/0    25:49   3:06   4:41 
Jonathan Marchessault    1  4  5   3  0   2  2  2  1  0  15/33  23:55   3:33   5:25 
Jonathan Racine          0  0  0  -1  6   0  0  2  0  0  0/0     9:53   0:41   0:20 
Joseph Blandisi          0  1  1   1  0   0  1  1  2  0  0/1    15:20   3:05   0:00 
Keaton Middleton         0  0  0   1  0   0  0  1  0  0  0/0     4:38   0:00   0:00 
Mark Friedman            0  1  1   1  0   0  0  0  0  0  0/0     4:52   0:14   0:00 
Matteson Iacopelli       0  0  0   0  0   1  1  1  0  0  0/0     9:36   0:00   0:00 
Max Lajoie               0  0  0   0  0   0  1  0  0  0  0/0     0:27   0:27   0:00 
Michael Dal Colle        0  0  0  -1  0   2  0  0  0  0  0/1     6:22   0:00   0:00 
Nick Cousins             4  0  4   2  0   4  2  1  0  0  2/4    20:50   3:33   2:12 
Pius Suter               0  0  0   0  0   0  0  0  0  0  0/0     1:23   0:00   0:57 
Ryan Murphy              0  1  1   2  4   1  0  1  0  0  0/0    18:15   3:12   2:08 
Sam Steel                0  0  0   0  0   0  0  0  0  0  0/0     0:42   0:21   0:00 
Stefan Elliott           0  2  2   1  0   3  2  1  2  0  0/0    26:57   3:06   5:51 
Tyler Motte              0  0  0   0  0   0  0  0  0  0  0/0     1:02   0:21   0:00 
Xavier Ouellet           0  0  0  -1  0   0  0  0  0  2  0/0    10:20   0:00   1:48 
Zach Aston-Reese         0  1  1   0  0   1  2  0  1  0  1/4     9:36   0:00   0:00 

3 Stars

1 - Nick Cousins (Col)
2 - Jonathan Marchessault (Col)
3 - David Pope (Har)

Power Play

Wolfpack - 2 on 6 Attempt(s) - 33.33%
Eagles - 1 on 4 Attempt(s) - 25.00%

Penalty Kill

Wolfpack - 3 on 4 Attempt(s) - 75.00% - Score 0 goal in Penalty Kill
Eagles - 4 on 6 Attempt(s) - 66.67% - Score 1 goal in Penalty Kill

Team Stat

Wolfpack - Hits : 17 - Faceoff Wins : 39 - Blocked Shots : 18 - Penalty Minutes : 8
Eagles - Hits : 22 - Faceoff Wins : 31 - Blocked Shots : 17 - Penalty Minutes : 12

Official

Referees : Chris Lee and Reid Anderson
Linesman : Brad Kovachik and Travis Toomey

Game Notes

Nick Cousins has scored a Hat Trick!
Mike Condon enters game at 9:47 of 2nd period
Samuel Montembeault enters game at 4:21 of 3rd period

Finance

Level 1 -- Attendance: 2000 (100.00%) -- Ticket Income $70,000
Level 2 -- Attendance: 889 (88.90%) -- Ticket Income $13,335
Total Attendance: 2889 (96.30%)
Total Ticket Income: $83,335
Other Income: $4,167
Total Income: $87,502

Wolfpack

5 vs 5 Forward 
   Center                   Left Wing                Right Wing               Time % Phy DF OF 
 1 Maxime Sauvé             David Pope               Stefan Noesen            40     1   2  2  
 2 Henrik Samuelsson        Samuel Blais             Sebastian Collberg       30     1   2  2  
 3 Seth Griffith            Alexander Barabanov      Connor Chatam            20     1   2  2  
 4 Kevin Roy                Dryden Hunt              Maxime Sauvé             10     1   2  2  

5 vs 5 Defense 
   Defense                  Defense                                           Time % Phy DF OF 
 1 Derrick Pouliot          Steven Santini                                    40     1   2  2  
 2 Vince Dunn               Mikhail Sergachev                                 30     1   2  2  
 3 Ryan Culkin              Colton White                                      20     1   2  2  
 4 Joshua Jacobs            Will Borgen                                       10     1   2  2  

PowerPlay Forward 
   Center                   Left Wing                Right Wing               Time % Phy DF OF 
 1 Maxime Sauvé             David Pope               Stefan Noesen            60     1   2  2  
 2 Henrik Samuelsson        Samuel Blais             Sebastian Collberg       40     1   2  2  

PowerPlay Defense
   Defense                  Defense                                           Time % Phy DF OF 
 1 Derrick Pouliot          Steven Santini                                    60     1   2  2  
 2 Vince Dunn               Mikhail Sergachev                                 40     1   2  2  

Penalty Kill 4 Players Forward 
   Center                   Wing                     Time % Phy DF OF 
 1 Maxime Sauvé             Henrik Samuelsson        60     1   2  2  
 2 Stefan Noesen            David Pope               40     1   2  2  

Penalty Kill 4 Players Defense
   Defense                  Defense                  Time % Phy DF OF 
 1 Derrick Pouliot          Steven Santini           60     1   2  2  
 2 Vince Dunn               Mikhail Sergachev        40     1   2  2  

Penalty Kill - 3 Players Forward 
   Forward                                           Time % Phy DF OF 
 1 Maxime Sauvé                                      60     1   2  2  
 2 Henrik Samuelsson                                 40     1   2  2  

Penalty Kill - 3 Players Defense
   Defense                  Defense                  Time % Phy DF OF 
 1 Derrick Pouliot          Steven Santini           60     1   2  2  
 2 Vince Dunn               Mikhail Sergachev        40     1   2  2  

4 vs 4 Forward 
   Center                   Wing                     Time % Phy DF OF 
 1 Maxime Sauvé             Henrik Samuelsson        60     1   2  2  
 2 Stefan Noesen            David Pope               40     1   2  2  

4 vs 4 Defense
   Defense                  Defense                  Time % Phy DF OF 
 1 Derrick Pouliot          Steven Santini           60     1   2  2  
 2 Vince Dunn               Mikhail Sergachev        40     1   2  2  

Last Minutes Offensive
   Center                   Left Wing                Right Wing               Defense                  Defense                  
   Maxime Sauvé             David Pope               Stefan Noesen            Derrick Pouliot          Steven Santini           

Last Minutes Defensive
   Center                   Left Wing                Right Wing               Defense                  Defense                  
   Maxime Sauvé             David Pope               Stefan Noesen            Derrick Pouliot          Steven Santini           

Goaltenders
Starting : Samuel Montembeault      
Backup : Mike Condon              

Extra Forwards
Normal : Adam Lowry, Jake Marchment, Alex Barre-Boulet - PP : Adam Lowry, Jake Marchment - PK : Alex Barre-Boulet
Extra Defensemen
Normal : Andrew Peeke, Ryan Culkin, Colton White - PP : Andrew Peeke - PK : Ryan Culkin, Colton White
Penalty Shots
Maxime Sauvé, Henrik Samuelsson, Stefan Noesen, David Pope, Seth Griffith

Scratches
Dave Dziurzynski (Groin Injury), Jacob Middleton (Healthy), Keegan Kolesar (Healthy), Mikhail Vorobyev (Healthy), Ryan Dzingel (Broken Bone (Left Arm) Injury)
Dante Fabbro (Healthy), Jeffrey Viel (Healthy), Yegor Korshkov (Healthy), Jake Paterson (Healthy)

Eagles

5 vs 5 Forward 
   Center                   Left Wing                Right Wing               Time % Phy DF OF 
 1 Jonathan Marchessault    Daniel Carr              Nick Cousins             40     1   2  2  
 2 Drake Caggiula           Joseph Blandisi          Dmitrij Jaskin           30     1   2  2  
 3 Zach Aston-Reese         Anthony Duclair          Matteson Iacopelli       20     1   2  2  
 4 Jared McCann             Michael Dal Colle        Chris Calhan             10     1   2  2  

5 vs 5 Defense 
   Defense                  Defense                                           Time % Phy DF OF 
 1 Stefan Elliott           John Ramage                                       40     1   2  2  
 2 Ryan Murphy              Connor Carrick                                    30     1   2  2  
 3 Xavier Ouellet           Jonathan Racine                                   20     1   2  2  
 4 Mark Friedman            Keaton Middleton                                  10     1   2  2  

PowerPlay Forward 
   Center                   Left Wing                Right Wing               Time % Phy DF OF 
 1 Jonathan Marchessault    Daniel Carr              Nick Cousins             60     1   2  2  
 2 Drake Caggiula           Joseph Blandisi          Dmitrij Jaskin           40     1   2  2  

PowerPlay Defense
   Defense                  Defense                                           Time % Phy DF OF 
 1 Stefan Elliott           John Ramage                                       60     1   2  2  
 2 Ryan Murphy              Connor Carrick                                    40     1   2  2  

Penalty Kill 4 Players Forward 
   Center                   Wing                     Time % Phy DF OF 
 1 Daniel Carr              Jonathan Marchessault    60     1   2  2  
 2 Nick Cousins             Dmitrij Jaskin           40     1   2  2  

Penalty Kill 4 Players Defense
   Defense                  Defense                  Time % Phy DF OF 
 1 Stefan Elliott           John Ramage              60     1   2  2  
 2 Ryan Murphy              Connor Carrick           40     1   2  2  

Penalty Kill - 3 Players Forward 
   Forward                                           Time % Phy DF OF 
 1 Daniel Carr                                       60     1   2  2  
 2 Jonathan Marchessault                             40     1   2  2  

Penalty Kill - 3 Players Defense
   Defense                  Defense                  Time % Phy DF OF 
 1 Stefan Elliott           John Ramage              60     1   2  2  
 2 Ryan Murphy              Connor Carrick           40     1   2  2  

4 vs 4 Forward 
   Center                   Wing                     Time % Phy DF OF 
 1 Daniel Carr              Jonathan Marchessault    60     1   2  2  
 2 Nick Cousins             Dmitrij Jaskin           40     1   2  2  

4 vs 4 Defense
   Defense                  Defense                  Time % Phy DF OF 
 1 Stefan Elliott           John Ramage              60     1   2  2  
 2 Ryan Murphy              Connor Carrick           40     1   2  2  

Last Minutes Offensive
   Center                   Left Wing                Right Wing               Defense                  Defense                  
   Jonathan Marchessault    Daniel Carr              Nick Cousins             Stefan Elliott           John Ramage              

Last Minutes Defensive
   Center                   Left Wing                Right Wing               Defense                  Defense                  
   Jonathan Marchessault    Daniel Carr              Nick Cousins             Stefan Elliott           John Ramage              

Goaltenders
Starting : Marek Mazanek            
Backup : Antoine Bibeau           

Extra Forwards
Normal : Tyler Motte, Sam Steel, Pius Suter - PP : Tyler Motte, Sam Steel - PK : Pius Suter
Extra Defensemen
Normal : Max Lajoie, Xavier Ouellet, Jonathan Racine - PP : Max Lajoie - PK : Xavier Ouellet, Jonathan Racine
Penalty Shots
Daniel Carr, Jonathan Marchessault, Nick Cousins, Dmitrij Jaskin, Joseph Blandisi

Scratches
Dominik Kubalik (Healthy), Jarred Tinordi (Healthy), Tomas Tatar (Healthy), Pascal Laberge (Healthy), Adin Hill (Healthy)

% Time on Ice - Wolfpack

Lines # - Real PCT - Wanted PCT - Time Play
Normal Forward
1 - 33% - 40% - 14:30
2 - 28% - 30% - 12:14
3 - 29% - 20% - 12:57
4 - 10% - 10% - 4:25
Normal Defense
1 - 44% - 40% - 19:14
2 - 30% - 30% - 13:23
3 - 18% - 20% - 7:52
4 - 8% - 10% - 3:37
PP Forward
1 - 63% - 60% - 5:35
2 - 37% - 40% - 3:20
PP Defense
1 - 60% - 60% - 5:19
2 - 40% - 40% - 3:36
PK Forward
1 - 73% - 60% - 5:07
2 - 27% - 40% - 1:52
PK Defense
1 - 55% - 60% - 3:50
2 - 45% - 40% - 3:09
PK3 Forward
1 - 0% - 60%
2 - 0% - 40%
PK3 Defense
1 - 0% - 60%
2 - 0% - 40%
44 Forward
1 - 0% - 60%
2 - 0% - 40%
44 Defense
1 - 0% - 60%
2 - 0% - 40%
Last Minute Offensive  - 0:00
Last Minute Defensive  - 0:00
Total
Forward - 60:00
Defense - 60:00

% Time on Ice - Eagles

Lines # - Real PCT - Wanted PCT - Time Play
Normal Forward
1 - 36% - 40% - 15:45
2 - 28% - 30% - 12:23
3 - 22% - 20% - 9:36
4 - 14% - 10% - 6:22
Normal Defense
1 - 41% - 40% - 18:00
2 - 29% - 30% - 12:57
3 - 19% - 20% - 8:31
4 - 11% - 10% - 4:38
PP Forward
1 - 56% - 60% - 3:54
2 - 44% - 40% - 3:05
PP Defense
1 - 44% - 60% - 3:06
2 - 56% - 40% - 3:53
PK Forward
1 - 75% - 60% - 6:43
2 - 25% - 40% - 2:12
PK Defense
1 - 66% - 60% - 5:51
2 - 34% - 40% - 3:04
PK3 Forward
1 - 0% - 60%
2 - 0% - 40%
PK3 Defense
1 - 0% - 60%
2 - 0% - 40%
44 Forward
1 - 0% - 60%
2 - 0% - 40%
44 Defense
1 - 0% - 60%
2 - 0% - 40%
Last Minute Offensive  - 0:00
Last Minute Defensive  - 0:00
Total
Forward - 60:00
Defense - 60:00

Play-by-Play

1st period


0:01 of 1st period - Maxime Sauvé wins face-off versus Jonathan Marchessault in neutral zone.
0:53 of 1st period - Anthony Duclair is hit by Connor Chatam and loses puck.
1:16 of 1st period - Snap shot by Michael Dal Colle.
1:16 of 1st period - Stopped by Samuel Montembeault with a rebound.
2:19 of 1st period - Slapshot by Dmitrij Jaskin.
2:19 of 1st period - Stopped by Samuel Montembeault without a rebound.
2:20 of 1st period - Henrik Samuelsson wins face-off versus Jonathan Marchessault in Wolfpack zone.
3:14 of 1st period - Wrist shot by Seth Griffith.
3:14 of 1st period - Shot Misses the Net.
4:22 of 1st period - Off-side.
4:23 of 1st period - Seth Griffith wins face-off versus Drake Caggiula in neutral zone.
4:26 of 1st period - Slapshot by Derrick Pouliot.
4:26 of 1st period - Shot Blocked by Dmitrij Jaskin.
4:32 of 1st period - Wrist shot by Dmitrij Jaskin.
4:32 of 1st period - Stopped by Samuel Montembeault with a rebound.
4:52 of 1st period - Snap shot by Joseph Blandisi.
4:52 of 1st period - Deflect By Drake Caggiula.
4:52 of 1st period - Shot Blocked by Derrick Pouliot.
4:52 of 1st period - Puck is out of play.
4:53 of 1st period - Maxime Sauvé wins face-off versus Jonathan Marchessault in Wolfpack zone.
5:46 of 1st period - Wrist shot by Seth Griffith.
5:46 of 1st period - Stopped by Marek Mazanek with a rebound.
5:48 of 1st period - Backhand shot by Mikhail Sergachev.
5:48 of 1st period - Deflect By Seth Griffith.
5:48 of 1st period - Shot Misses the Net.
5:48 of 1st period - Puck is out of play.
5:49 of 1st period - Maxime Sauvé wins face-off versus Jonathan Marchessault in Eagles zone.
6:19 of 1st period - Slapshot by Maxime Sauvé.
6:19 of 1st period - Goal by Maxime Sauvé - Wolfpack : 1 - Eagles : 0.
6:20 of 1st period - Jonathan Marchessault wins face-off versus Maxime Sauvé in neutral zone.
6:35 of 1st period - Snap shot by Daniel Carr.
6:35 of 1st period - Stopped by Samuel Montembeault with a rebound.
6:52 of 1st period - Wrist shot by Henrik Samuelsson.
6:52 of 1st period - Shot Misses the Net.
7:29 of 1st period - Slapshot by Alexander Barabanov.
7:29 of 1st period - Shot Misses the Net.
7:33 of 1st period - Wrist shot by Maxime Sauvé.
7:33 of 1st period - Shot Blocked by Keaton Middleton.
7:35 of 1st period - Wrist shot by Kevin Roy.
7:35 of 1st period - Stopped by Marek Mazanek without a rebound.
7:36 of 1st period - Kevin Roy wins face-off versus Jonathan Marchessault in Eagles zone.
7:43 of 1st period - Snap shot by Maxime Sauvé.
7:43 of 1st period - Shot Misses the Net.
7:45 of 1st period - Wrist shot by Maxime Sauvé.
7:45 of 1st period - Shot Blocked by Ryan Murphy.
7:47 of 1st period - Snap shot by Maxime Sauvé.
7:47 of 1st period - Shot Misses the Net.
7:59 of 1st period - Snap shot by Kevin Roy.
7:59 of 1st period - Stopped by Marek Mazanek with a rebound.
8:07 of 1st period - Slapshot by Daniel Carr.
8:07 of 1st period - Goal by Daniel Carr - Wolfpack : 1 - Eagles : 1.
8:08 of 1st period - Maxime Sauvé wins face-off versus Drake Caggiula in neutral zone.
8:08 of 1st period - Stefan Noesen is hit by Dmitrij Jaskin and loses puck.
8:19 of 1st period - John Ramage is hit by David Pope and loses puck.
8:31 of 1st period - Icing by John Ramage.
8:32 of 1st period - Jonathan Marchessault wins face-off versus Henrik Samuelsson in Eagles zone.
8:34 of 1st period - Icing by Daniel Carr.
8:35 of 1st period - Henrik Samuelsson wins face-off versus Jonathan Marchessault in Eagles zone.
9:06 of 1st period - Maxime Sauvé is hit by Dmitrij Jaskin.
10:00 of 1st period - Snap shot by Daniel Carr.
10:00 of 1st period - Stopped by Samuel Montembeault with a rebound.
10:30 of 1st period - Wrist shot by Seth Griffith.
10:30 of 1st period - Shot Blocked by John Ramage.
10:32 of 1st period - Wrist shot by Alexander Barabanov.
10:32 of 1st period - Shot Blocked by John Ramage.
10:34 of 1st period - Snap shot by Seth Griffith.
10:34 of 1st period - Stopped by Marek Mazanek with a rebound.
10:58 of 1st period - John Ramage is hit by Samuel Blais and loses puck.
11:07 of 1st period - Minor Penalty to Will Borgen for Roughing.
11:08 of 1st period - Maxime Sauvé wins face-off versus Jonathan Marchessault in Wolfpack zone.
12:16 of 1st period - Stefan Noesen is hit by Max Lajoie and loses puck.
13:07 of 1st period - Penalty to Will Borgen is over, Will Borgen is back on ice.
14:14 of 1st period - Slapshot by David Pope.
14:14 of 1st period - Stopped by Marek Mazanek without a rebound.
14:15 of 1st period - Seth Griffith wins face-off versus Drake Caggiula in Eagles zone.
14:16 of 1st period - Snap shot by Connor Chatam.
14:16 of 1st period - Shot Blocked by Joseph Blandisi.
14:18 of 1st period - Snap shot by Seth Griffith.
14:18 of 1st period - Stopped by Marek Mazanek with a rebound.
14:20 of 1st period - Snap shot by Connor Chatam.
14:20 of 1st period - Shot Blocked by Jonathan Racine.
14:43 of 1st period - Wrist shot by Samuel Blais.
14:43 of 1st period - Stopped by Marek Mazanek without a rebound.
14:44 of 1st period - Jonathan Marchessault wins face-off versus Maxime Sauvé in Eagles zone.
15:36 of 1st period - Snap shot by Seth Griffith.
15:36 of 1st period - Deflect By Alexander Barabanov.
15:36 of 1st period - Shot Misses the Net.
15:36 of 1st period - Puck is out of play.
15:37 of 1st period - Maxime Sauvé wins face-off versus Jonathan Marchessault in Eagles zone.
15:52 of 1st period - Wrist shot by David Pope.
15:52 of 1st period - Shot Misses the Net.
16:06 of 1st period - Minor Penalty to John Ramage for Hooking.
16:07 of 1st period - Maxime Sauvé wins face-off versus Daniel Carr in Eagles zone.
16:29 of 1st period - Jonathan Marchessault is hit by Maxime Sauvé and loses puck.
16:40 of 1st period - Wrist shot by Henrik Samuelsson.
16:40 of 1st period - Shot Misses the Net.
16:42 of 1st period - Wrist shot by Sebastian Collberg.
16:42 of 1st period - Stopped by Marek Mazanek with a rebound.
16:44 of 1st period - Slapshot by Steven Santini.
16:44 of 1st period - Stopped by Marek Mazanek without a rebound.
16:45 of 1st period - Henrik Samuelsson wins face-off versus Daniel Carr in Eagles zone.
16:46 of 1st period - Wrist shot by Samuel Blais.
16:46 of 1st period - Shot Blocked by Jonathan Marchessault.
17:01 of 1st period - Off-side.
17:02 of 1st period - Maxime Sauvé wins face-off versus Nick Cousins in neutral zone.
17:05 of 1st period - Stefan Elliott is hit by Stefan Noesen and loses puck.
18:06 of 1st period - Penalty to John Ramage is over, John Ramage is back on ice.
18:21 of 1st period - Off-side.
18:22 of 1st period - Drake Caggiula wins face-off versus Henrik Samuelsson in neutral zone.
18:27 of 1st period - Sebastian Collberg is hit by Drake Caggiula.
18:33 of 1st period - Snap shot by Samuel Blais.
18:33 of 1st period - Stopped by Marek Mazanek with a rebound.
18:35 of 1st period - Wrist shot by Samuel Blais.
18:35 of 1st period - Shot Misses the Net.
19:18 of 1st period - John Ramage is hit by Mikhail Sergachev and loses puck.
19:29 of 1st period - Samuel Blais is hit by Stefan Elliott and loses puck.
19:42 of 1st period - Wrist shot by Dmitrij Jaskin.
19:42 of 1st period - Shot Misses the Net.
19:54 of 1st period - Snap shot by David Pope.
19:54 of 1st period - Shot Misses the Net.
19:56 of 1st period - Snap shot by Maxime Sauvé.
19:56 of 1st period - Stopped by Marek Mazanek with a rebound.
Goals for this period are 1 for Wolfpack vs 1 for Eagles.
Shots for this period are 12 for Wolfpack vs 6 for Eagles.

2nd period


0:01 of 2nd period - Maxime Sauvé wins face-off versus Jonathan Marchessault in neutral zone.
0:08 of 2nd period - Slapshot by Maxime Sauvé.
0:08 of 2nd period - Shot Misses the Net.
0:10 of 2nd period - Snap shot by Derrick Pouliot.
0:10 of 2nd period - Stopped by Marek Mazanek with a rebound.
0:12 of 2nd period - Wrist shot by Steven Santini.
0:12 of 2nd period - Shot Blocked by Connor Carrick.
0:14 of 2nd period - Wrist shot by David Pope.
0:14 of 2nd period - Goal by David Pope - Wolfpack : 2 - Eagles : 1.
0:15 of 2nd period - Maxime Sauvé wins face-off versus Jonathan Marchessault in neutral zone.
1:02 of 2nd period - Drake Caggiula is hit by Seth Griffith and loses puck.
1:35 of 2nd period - Minor Penalty to Maxime Sauvé for Boarding.
1:36 of 2nd period - Alex Barre-Boulet wins face-off versus Jonathan Marchessault in Wolfpack zone.
3:07 of 2nd period - Jonathan Marchessault is hit by Henrik Samuelsson.
3:35 of 2nd period - Penalty to Maxime Sauvé is over, Maxime Sauvé is back on ice.
4:43 of 2nd period - Slapshot by Connor Chatam.
4:43 of 2nd period - Shot Misses the Net.
5:21 of 2nd period - Snap shot by Connor Chatam.
5:21 of 2nd period - Shot Misses the Net.
5:37 of 2nd period - Wrist shot by Sebastian Collberg.
5:37 of 2nd period - Stopped by Marek Mazanek without a rebound.
5:38 of 2nd period - Jonathan Marchessault wins face-off versus Henrik Samuelsson in Eagles zone.
5:38 of 2nd period - Jonathan Marchessault is hit by Samuel Blais.
6:03 of 2nd period - David Pope is hit by Drake Caggiula and loses puck.
6:39 of 2nd period - Minor Penalty to Connor Chatam for Hooking.
6:40 of 2nd period - Maxime Sauvé wins face-off versus Jonathan Marchessault in Wolfpack zone.
6:53 of 2nd period - Vince Dunn is hit by Jonathan Marchessault and loses puck.
7:41 of 2nd period - Snap shot by Nick Cousins.
7:41 of 2nd period - Goal by Nick Cousins - Wolfpack : 2 - Eagles : 2.
7:42 of 2nd period - Maxime Sauvé wins face-off versus Jonathan Marchessault in neutral zone.
7:45 of 2nd period - Slapshot by Steven Santini.
7:45 of 2nd period - Shot Blocked by Nick Cousins.
7:51 of 2nd period - Snap shot by Stefan Elliott.
7:51 of 2nd period - Deflect By Jonathan Marchessault.
7:51 of 2nd period - Stopped by Samuel Montembeault with a rebound.
8:09 of 2nd period - Derrick Pouliot is hit by Anthony Duclair and loses puck.
8:33 of 2nd period - Snap shot by Seth Griffith.
8:33 of 2nd period - Shot Blocked by Dmitrij Jaskin.
8:51 of 2nd period - Derrick Pouliot is hit by Nick Cousins and loses puck.
9:10 of 2nd period - Slapshot by Jared McCann.
9:10 of 2nd period - Stopped by Samuel Montembeault with a rebound.
9:12 of 2nd period - Snap shot by Chris Calhan.
9:12 of 2nd period - Shot Blocked by Steven Santini.
9:14 of 2nd period - Slapshot by Jonathan Racine.
9:14 of 2nd period - Shot Misses the Net.
9:16 of 2nd period - Backhand shot by Jared McCann.
9:16 of 2nd period - Deflect By Chris Calhan.
9:16 of 2nd period - Shot Blocked by Maxime Sauvé.
9:16 of 2nd period - Puck is out of play.
9:17 of 2nd period - Jonathan Marchessault wins face-off versus Maxime Sauvé in Wolfpack zone.
9:18 of 2nd period - Slapshot by Nick Cousins.
9:18 of 2nd period - Shot Misses the Net.
9:20 of 2nd period - Slapshot by Mark Friedman.
9:20 of 2nd period - Shot Blocked by Vince Dunn.
9:22 of 2nd period - Snap shot by Jonathan Marchessault.
9:22 of 2nd period - Shot Misses the Net.
9:24 of 2nd period - Snap shot by Nick Cousins.
9:24 of 2nd period - Goal by Nick Cousins - Wolfpack : 2 - Eagles : 3.
9:25 of 2nd period - Jonathan Marchessault wins face-off versus Maxime Sauvé in neutral zone.
9:32 of 2nd period - Wrist shot by David Pope.
9:32 of 2nd period - Shot Blocked by Jonathan Marchessault.
9:34 of 2nd period - Slapshot by Vince Dunn.
9:34 of 2nd period - Deflect By Stefan Noesen.
9:34 of 2nd period - Shot Misses the Net.
9:34 of 2nd period - Puck is out of play.
9:35 of 2nd period - Jonathan Marchessault wins face-off versus Maxime Sauvé in Eagles zone.
9:35 of 2nd period - Jonathan Marchessault is hit by Maxime Sauvé.
9:41 of 2nd period - Snap shot by Stefan Elliott.
9:41 of 2nd period - Shot Misses the Net.
9:47 of 2nd period - Wrist shot by Nick Cousins.
9:47 of 2nd period - Goal by Nick Cousins - Wolfpack : 2 - Eagles : 4.
9:47 of 2nd period - Mike Condon enters game.
9:48 of 2nd period - Jonathan Marchessault wins face-off versus Maxime Sauvé in neutral zone.
9:53 of 2nd period - Wrist shot by Nick Cousins.
9:53 of 2nd period - Shot Blocked by Maxime Sauvé.
10:13 of 2nd period - Stefan Elliott is hit by Derrick Pouliot and loses puck.
10:42 of 2nd period - Stefan Elliott is hit by Sebastian Collberg and loses puck.
11:38 of 2nd period - Icing by Steven Santini.
11:39 of 2nd period - Drake Caggiula wins face-off versus Seth Griffith in Wolfpack zone.
11:40 of 2nd period - Wrist shot by Joseph Blandisi.
11:40 of 2nd period - Shot Misses the Net.
11:42 of 2nd period - Slapshot by Xavier Ouellet.
11:42 of 2nd period - Shot Blocked by Seth Griffith.
11:46 of 2nd period - Snap shot by Dmitrij Jaskin.
11:46 of 2nd period - Shot Blocked by Derrick Pouliot.
12:32 of 2nd period - Wrist shot by Zach Aston-Reese.
12:32 of 2nd period - Stopped by Mike Condon without a rebound.
12:33 of 2nd period - Jonathan Marchessault wins face-off versus Maxime Sauvé in Wolfpack zone.
12:34 of 2nd period - Slapshot by Nick Cousins.
12:34 of 2nd period - Goal by Nick Cousins - Wolfpack : 2 - Eagles : 5.
12:35 of 2nd period - Maxime Sauvé wins face-off versus Daniel Carr in neutral zone.
12:50 of 2nd period - Backhand shot by David Pope.
12:50 of 2nd period - Stopped by Marek Mazanek with a rebound.
13:06 of 2nd period - Slapshot by Drake Caggiula.
13:06 of 2nd period - Stopped by Mike Condon with a rebound.
13:23 of 2nd period - Derrick Pouliot is hit by Zach Aston-Reese.
14:02 of 2nd period - Off-side.
14:03 of 2nd period - Daniel Carr wins face-off versus Henrik Samuelsson in neutral zone.
14:13 of 2nd period - Minor Penalty to Colton White for High sticking.
14:14 of 2nd period - Jonathan Marchessault wins face-off versus Maxime Sauvé in Wolfpack zone.
14:18 of 2nd period - Wrist shot by Jonathan Marchessault.
14:18 of 2nd period - Shot Misses the Net.
14:20 of 2nd period - Wrist shot by Stefan Elliott.
14:20 of 2nd period - Shot Blocked by Derrick Pouliot.
14:22 of 2nd period - Slapshot by Daniel Carr.
14:22 of 2nd period - Shot Misses the Net.
14:24 of 2nd period - Slapshot by Stefan Elliott.
14:24 of 2nd period - Shot Misses the Net.
14:44 of 2nd period - Icing by Dmitrij Jaskin.
14:45 of 2nd period - Drake Caggiula wins face-off versus Stefan Noesen in Eagles zone.
14:52 of 2nd period - David Pope is hit by Dmitrij Jaskin and loses puck.
15:01 of 2nd period - Wrist shot by Drake Caggiula.
15:01 of 2nd period - Shot Blocked by Vince Dunn.
15:03 of 2nd period - Snap shot by Drake Caggiula.
15:03 of 2nd period - Stopped by Mike Condon without a rebound.
15:04 of 2nd period - Jonathan Marchessault wins face-off versus Maxime Sauvé in Wolfpack zone.
15:29 of 2nd period - Drake Caggiula is hit by Derrick Pouliot.
16:13 of 2nd period - Penalty to Colton White is over, Colton White is back on ice.
16:25 of 2nd period - Icing by Connor Carrick.
16:26 of 2nd period - Zach Aston-Reese wins face-off versus Connor Chatam in Eagles zone.
16:40 of 2nd period - Off-side.
16:41 of 2nd period - Maxime Sauvé wins face-off versus Jonathan Marchessault in neutral zone.
16:52 of 2nd period - Slapshot by Nick Cousins.
16:52 of 2nd period - Deflect By Daniel Carr.
16:52 of 2nd period - Stopped by Mike Condon without a rebound.
16:53 of 2nd period - Nick Cousins wins face-off versus Maxime Sauvé in Wolfpack zone.
16:58 of 2nd period - Wrist shot by Jonathan Marchessault.
16:58 of 2nd period - Shot Misses the Net.
17:00 of 2nd period - Slapshot by Stefan Elliott.
17:00 of 2nd period - Deflect By Mikhail Sergachev.
17:00 of 2nd period - Stopped by Mike Condon with a rebound.
17:02 of 2nd period - Slapshot by Daniel Carr.
17:02 of 2nd period - Shot Blocked by Stefan Noesen.
17:04 of 2nd period - Snap shot by Nick Cousins.
17:04 of 2nd period - Shot Blocked by David Pope.
17:06 of 2nd period - Slapshot by Stefan Elliott.
17:06 of 2nd period - Stopped by Mike Condon with a rebound.
17:08 of 2nd period - Snap shot by Daniel Carr.
17:08 of 2nd period - Stopped by Mike Condon without a rebound.
17:09 of 2nd period - Drake Caggiula wins face-off versus Henrik Samuelsson in Wolfpack zone.
18:09 of 2nd period - Icing by Steven Santini.
18:10 of 2nd period - Seth Griffith wins face-off versus Zach Aston-Reese in Wolfpack zone.
18:15 of 2nd period - Slapshot by Anthony Duclair.
18:15 of 2nd period - Shot Blocked by Connor Chatam.
18:17 of 2nd period - Slapshot by Anthony Duclair.
18:17 of 2nd period - Shot Misses the Net.
18:19 of 2nd period - Snap shot by Ryan Murphy.
18:19 of 2nd period - Deflect By Anthony Duclair.
18:19 of 2nd period - Goal by Anthony Duclair - Wolfpack : 2 - Eagles : 6.
18:20 of 2nd period - David Pope wins face-off versus Nick Cousins in neutral zone.
18:29 of 2nd period - Wrist shot by David Pope.
18:29 of 2nd period - Goal by David Pope - Wolfpack : 3 - Eagles : 6.
18:30 of 2nd period - Maxime Sauvé wins face-off versus Jonathan Marchessault in neutral zone.
18:43 of 2nd period - Wrist shot by Stefan Noesen.
18:43 of 2nd period - Shot Misses the Net.
18:45 of 2nd period - Snap shot by David Pope.
18:45 of 2nd period - Shot Misses the Net.
18:55 of 2nd period - Vince Dunn is hit by Stefan Elliott and loses puck.
19:40 of 2nd period - Snap shot by Kevin Roy.
19:40 of 2nd period - Stopped by Marek Mazanek without a rebound.
19:41 of 2nd period - Jonathan Marchessault wins face-off versus Henrik Samuelsson in Eagles zone.
19:41 of 2nd period - Jonathan Marchessault is hit by Henrik Samuelsson.
19:44 of 2nd period - Minor Penalty to Jonathan Racine for Tripping.
19:45 of 2nd period - Daniel Carr wins face-off versus Maxime Sauvé in Eagles zone.
19:45 of 2nd period - Daniel Carr is hit by David Pope.
Goals for this period are 2 for Wolfpack vs 5 for Eagles.
Shots for this period are 6 for Wolfpack vs 14 for Eagles.

3rd period


0:01 of 3rd period - Daniel Carr wins face-off versus Maxime Sauvé in neutral zone.
0:04 of 3rd period - David Pope is hit by Daniel Carr and loses puck.
0:09 of 3rd period - Snap shot by Daniel Carr.
0:09 of 3rd period - Shot Blocked by Steven Santini.
0:11 of 3rd period - Slapshot by Stefan Elliott.
0:11 of 3rd period - Stopped by Mike Condon without a rebound.
0:12 of 3rd period - Daniel Carr wins face-off versus Maxime Sauvé in Wolfpack zone.
0:21 of 3rd period - Slapshot by Steven Santini.
0:21 of 3rd period - Deflect By Maxime Sauvé.
0:21 of 3rd period - Shot Misses the Net.
0:21 of 3rd period - Puck is out of play.
0:22 of 3rd period - Maxime Sauvé wins face-off versus Daniel Carr in Eagles zone.
0:33 of 3rd period - Slapshot by Stefan Elliott.
0:33 of 3rd period - Deflect By Jonathan Marchessault.
0:33 of 3rd period - Goal by Jonathan Marchessault - Wolfpack : 3 - Eagles : 7.
0:34 of 3rd period - Maxime Sauvé wins face-off versus Daniel Carr in neutral zone.
1:12 of 3rd period - Wrist shot by Henrik Samuelsson.
1:12 of 3rd period - Stopped by Marek Mazanek with a rebound.
1:14 of 3rd period - Snap shot by Henrik Samuelsson.
1:14 of 3rd period - Shot Misses the Net.
1:44 of 3rd period - Penalty to Jonathan Racine is over, Jonathan Racine is back on ice.
1:58 of 3rd period - Backhand shot by Seth Griffith.
1:58 of 3rd period - Shot Misses the Net.
2:00 of 3rd period - Slapshot by Colton White.
2:00 of 3rd period - Stopped by Marek Mazanek with a rebound.
2:06 of 3rd period - Minor Penalty to Ryan Murphy for Hooking.
2:07 of 3rd period - Maxime Sauvé wins face-off versus Daniel Carr in Eagles zone.
2:14 of 3rd period - Snap shot by David Pope.
2:14 of 3rd period - Shot Blocked by John Ramage.
2:16 of 3rd period - Slapshot by Steven Santini.
2:16 of 3rd period - Goal by Steven Santini - Wolfpack : 4 - Eagles : 7.
2:17 of 3rd period - Jonathan Marchessault wins face-off versus Maxime Sauvé in neutral zone.
3:05 of 3rd period - Connor Chatam is hit by Zach Aston-Reese and loses puck.
3:28 of 3rd period - Snap shot by Jared McCann.
3:28 of 3rd period - Stopped by Mike Condon without a rebound.
3:29 of 3rd period - Jared McCann wins face-off versus Maxime Sauvé in Wolfpack zone.
3:43 of 3rd period - Wrist shot by Stefan Noesen.
3:43 of 3rd period - Shot Misses the Net.
3:45 of 3rd period - Snap shot by Stefan Noesen.
3:45 of 3rd period - Goal by Stefan Noesen - Wolfpack : 5 - Eagles : 7.
3:46 of 3rd period - Jonathan Marchessault wins face-off versus Maxime Sauvé in neutral zone.
3:49 of 3rd period - Derrick Pouliot is hit by Nick Cousins and loses puck.
4:12 of 3rd period - Derrick Pouliot is hit by Drake Caggiula and loses puck.
4:21 of 3rd period - Snap shot by Dmitrij Jaskin.
4:21 of 3rd period - Goal by Dmitrij Jaskin - Wolfpack : 5 - Eagles : 8.
4:21 of 3rd period - Samuel Montembeault enters game.
4:22 of 3rd period - Maxime Sauvé wins face-off versus Jonathan Marchessault in neutral zone.
4:22 of 3rd period - Maxime Sauvé is hit by Jonathan Marchessault.
5:05 of 3rd period - Wrist shot by John Ramage.
5:05 of 3rd period - Shot Blocked by Mikhail Sergachev.
5:47 of 3rd period - Slapshot by Stefan Elliott.
5:47 of 3rd period - Shot Misses the Net.
5:49 of 3rd period - Wrist shot by Jared McCann.
5:49 of 3rd period - Stopped by Samuel Montembeault without a rebound.
5:50 of 3rd period - Henrik Samuelsson wins face-off versus Jonathan Marchessault in Wolfpack zone.
6:21 of 3rd period - Slapshot by Seth Griffith.
6:21 of 3rd period - Stopped by Marek Mazanek without a rebound.
6:22 of 3rd period - Maxime Sauvé wins face-off versus Drake Caggiula in Eagles zone.
6:23 of 3rd period - Wrist shot by Stefan Noesen.
6:23 of 3rd period - Deflect By Maxime Sauvé.
6:23 of 3rd period - Shot Hit the Post.
6:23 of 3rd period - Puck is out of play.
6:24 of 3rd period - Maxime Sauvé wins face-off versus Drake Caggiula in Eagles zone.
6:29 of 3rd period - Wrist shot by Stefan Noesen.
6:29 of 3rd period - Shot Blocked by Jonathan Racine.
6:37 of 3rd period - Stefan Noesen is hit by Joseph Blandisi and loses puck.
6:50 of 3rd period - Daniel Carr is hit by Steven Santini and loses puck.
6:55 of 3rd period - Snap shot by Samuel Blais.
6:55 of 3rd period - Stopped by Marek Mazanek with a rebound.
7:07 of 3rd period - Minor Penalty to Jonathan Racine for Hooking.
7:08 of 3rd period - Maxime Sauvé wins face-off versus Daniel Carr in Eagles zone.
7:40 of 3rd period - Snap shot by Derrick Pouliot.
7:40 of 3rd period - Stopped by Marek Mazanek with a rebound.
7:42 of 3rd period - Wrist shot by Maxime Sauvé.
7:42 of 3rd period - Shot Misses the Net.
7:44 of 3rd period - Slapshot by Steven Santini.
7:44 of 3rd period - Stopped by Marek Mazanek without a rebound.
7:45 of 3rd period - Nick Cousins wins face-off versus Samuel Blais in Eagles zone.
7:56 of 3rd period - Snap shot by Samuel Blais.
7:56 of 3rd period - Goal by Samuel Blais - Wolfpack : 6 - Eagles : 8.
7:57 of 3rd period - Maxime Sauvé wins face-off versus Jonathan Marchessault in neutral zone.
8:06 of 3rd period - Snap shot by David Pope.
8:06 of 3rd period - Shot Blocked by Stefan Elliott.
9:04 of 3rd period - Snap shot by Jared McCann.
9:04 of 3rd period - Stopped by Samuel Montembeault without a rebound.
9:05 of 3rd period - Maxime Sauvé wins face-off versus Jared McCann in Wolfpack zone.
9:20 of 3rd period - Snap shot by Maxime Sauvé.
9:20 of 3rd period - Stopped by Marek Mazanek with a rebound.
10:01 of 3rd period - Joshua Jacobs is hit by Drake Caggiula and loses puck.
10:41 of 3rd period - Slapshot by Xavier Ouellet.
10:41 of 3rd period - Shot Blocked by Samuel Blais.
10:43 of 3rd period - Snap shot by Daniel Carr.
10:43 of 3rd period - Stopped by Samuel Montembeault with a rebound.
11:06 of 3rd period - Snap shot by Maxime Sauvé.
11:06 of 3rd period - Stopped by Marek Mazanek with a rebound.
11:44 of 3rd period - Snap shot by Anthony Duclair.
11:44 of 3rd period - Shot Misses the Net.
11:46 of 3rd period - Snap shot by Connor Carrick.
11:46 of 3rd period - Shot Misses the Net.
11:48 of 3rd period - Snap shot by Anthony Duclair.
11:48 of 3rd period - Shot Misses the Net.
11:50 of 3rd period - Snap shot by Matteson Iacopelli.
11:50 of 3rd period - Stopped by Samuel Montembeault without a rebound.
11:51 of 3rd period - Jonathan Marchessault wins face-off versus Seth Griffith in Wolfpack zone.
12:37 of 3rd period - Wrist shot by Nick Cousins.
12:37 of 3rd period - Deflect By Jonathan Marchessault.
12:37 of 3rd period - Shot Misses the Net.
12:37 of 3rd period - Puck is out of play.
12:38 of 3rd period - Drake Caggiula wins face-off versus Henrik Samuelsson in Wolfpack zone.
12:40 of 3rd period - Icing by Colton White.
12:41 of 3rd period - Sebastian Collberg wins face-off versus Joseph Blandisi in Wolfpack zone.
13:11 of 3rd period - Wrist shot by Maxime Sauvé.
13:11 of 3rd period - Shot Misses the Net.
13:13 of 3rd period - Wrist shot by David Pope.
13:13 of 3rd period - Stopped by Marek Mazanek with a rebound.
13:15 of 3rd period - Wrist shot by David Pope.
13:15 of 3rd period - Shot Blocked by Matteson Iacopelli.
13:17 of 3rd period - Slapshot by Colton White.
13:17 of 3rd period - Deflect By Matteson Iacopelli.
13:17 of 3rd period - Stopped by Marek Mazanek with a rebound.
13:46 of 3rd period - Off-side.
13:47 of 3rd period - Kevin Roy wins face-off versus Michael Dal Colle in neutral zone.
13:58 of 3rd period - Wrist shot by Jared McCann.
13:58 of 3rd period - Stopped by Samuel Montembeault without a rebound.
13:59 of 3rd period - Daniel Carr wins face-off versus Maxime Sauvé in Wolfpack zone.
14:14 of 3rd period - Wrist shot by David Pope.
14:14 of 3rd period - Shot Misses the Net.
14:26 of 3rd period - Samuel Blais is hit by John Ramage and loses puck.
14:47 of 3rd period - Snap shot by Seth Griffith.
14:47 of 3rd period - Deflect By Alexander Barabanov.
14:47 of 3rd period - Shot Blocked by Connor Carrick.
14:47 of 3rd period - Puck is out of play.
14:48 of 3rd period - Seth Griffith wins face-off versus Jared McCann in Eagles zone.
14:54 of 3rd period - Minor Penalty to Jonathan Racine for Hooking.
14:55 of 3rd period - Daniel Carr wins face-off versus Maxime Sauvé in Eagles zone.
16:54 of 3rd period - Penalty to Jonathan Racine is over, Jonathan Racine is back on ice.
17:07 of 3rd period - Snap shot by Jared McCann.
17:07 of 3rd period - Shot Misses the Net.
17:09 of 3rd period - Snap shot by Jared McCann.
17:09 of 3rd period - Shot Blocked by Vince Dunn.
17:11 of 3rd period - Slapshot by Michael Dal Colle.
17:11 of 3rd period - Stopped by Samuel Montembeault with a rebound.
17:13 of 3rd period - Wrist shot by Chris Calhan.
17:13 of 3rd period - Shot Blocked by Mikhail Sergachev.
17:15 of 3rd period - Snap shot by Jonathan Racine.
17:15 of 3rd period - Shot Misses the Net.
17:17 of 3rd period - Snap shot by Mark Friedman.
17:17 of 3rd period - Deflect By Michael Dal Colle.
17:17 of 3rd period - Shot Misses the Net.
17:17 of 3rd period - Puck is out of play.
17:18 of 3rd period - Henrik Samuelsson wins face-off versus Zach Aston-Reese in Wolfpack zone.
17:35 of 3rd period - Wrist shot by Drake Caggiula.
17:35 of 3rd period - Stopped by Samuel Montembeault with a rebound.
17:37 of 3rd period - Snap shot by Joseph Blandisi.
17:37 of 3rd period - Deflect By Dmitrij Jaskin.
17:37 of 3rd period - Stopped by Samuel Montembeault with a rebound.
17:39 of 3rd period - Snap shot by Joseph Blandisi.
17:39 of 3rd period - Shot Blocked by Ryan Culkin.
17:41 of 3rd period - Slapshot by Ryan Murphy.
17:41 of 3rd period - Stopped by Samuel Montembeault without a rebound.
17:42 of 3rd period - Henrik Samuelsson wins face-off versus Zach Aston-Reese in Wolfpack zone.
17:42 of 3rd period - Henrik Samuelsson is hit by Matteson Iacopelli.
17:47 of 3rd period - Minor Penalty to Ryan Murphy for Hooking.
17:48 of 3rd period - Daniel Carr wins face-off versus Maxime Sauvé in Eagles zone.
19:02 of 3rd period - Mikhail Sergachev is hit by Connor Carrick and loses puck.
19:47 of 3rd period - Penalty to Ryan Murphy is over, Ryan Murphy is back on ice.
19:58 of 3rd period - Nick Cousins is hit by Steven Santini and loses puck.
Goals for this period are 3 for Wolfpack vs 2 for Eagles.
Shots for this period are 13 for Wolfpack vs 13 for Eagles.